 Dungeon Crawl Stone Soup version 0.20-a0-1048-gd0c4d64 (webtiles) character file.

8822 AlphabetPasta the Summoner (level 11, -11/85 HPs)
             Began as a Gnoll Summoner on Apr 24, 2017.
             Was a Follower of Ashenzari.
             Mangled by Snorg (13 damage)
             ... on level 10 of the Dungeon.
             The game lasted 01:15:35 (11675 turns).

AlphabetPasta the Summoner (Gnoll Summoner)        Turns: 11675, Time: 01:15:36

Health: -11/85     AC: 13    Str: 10    XL:     11   Next: 36%
Magic:  0/32       EV: 13    Int: 16    God:    Ashenzari [*.....]
Gold:   510        SH:  0    Dex: 18    Spells: 11/26 levels left

rFire    . . .     SeeInvis .   A - +0 trident
rCold    . . .     Gourm    .   (no shield)
rNeg     . . .     Faith    .   L - +0 scale mail
rPois    .         Spirit   +   P - +0 hat {MR+}
rElec    .         Reflect  .   x - +0 cloak
rCorr    .         Harm     .   w - +1 pair of gloves (curse)
MR       +....                  u - +0 pair of boots
Stlth    +.........             e - amulet of guardian spirit
Regen    0.3/turn               j - ring of magical power
MPRegen  0.3/turn               I - +3 ring of dexterity

@: no status effects
A: short attention span, fangs 1, strong nose
a: Curse Item, Scrying, Renounce Religion


You were on level 10 of the Dungeon.
You worshipped Ashenzari.
Ashenzari was aware of your devotion.
You were not hungry.

You visited 2 branches of the dungeon, and saw 11 of its levels.
You also visited: Ossuary.

You collected 510 gold pieces.

Inventory:

Hand Weapons
 t - a +0 halberd
 A - a +0 trident (weapon)
 D - a +0 glaive
Missiles
 z - 12 bolts
 C - 7 tomahawks (quivered)
Armour
 f - a +0 leather armour
 u - a +0 pair of boots (worn)
 w - a cursed +1 pair of gloves (worn)
 x - a +0 cloak (worn)
 G - +0 fire dragon scales
 L - a +0 scale mail (worn)
 P - a +0 hat of magic resistance (worn)
Jewellery
 e - an amulet of guardian spirit (around neck)
 j - a ring of magical power (left hand)
 o - an uncursed amulet of rage
 s - an uncursed ring of see invisible
 I - a +3 ring of dexterity (right hand)
Wands
 d - a wand of lightning (0/15)
 k - a wand of enslavement (10/24)
 y - a wand of iceblast (5/15)
 B - a wand of scattershot (3/9)
 E - a wand of lightning (0/15)
 H - a wand of lightning (0/15)
 K - a wand of disintegration (5/24)
 M - a wand of flame (10/48)
 R - a wand of paralysis (10/24)
Scrolls
 a - 5 scrolls of teleportation
 n - 2 scrolls of magic mapping
 q - 2 scrolls of enchant weapon
 r - a scroll of remove curse
 J - 2 scrolls of recharging
Potions
 h - 7 potions of heal wounds
 i - 2 potions of brilliance
 l - 3 potions of curing
 m - 3 potions of might
 p - 2 potions of cancellation
 F - 2 potions of invisibility
 N - a potion of resistance
 O - a potion of agility {unknown}
 Q - a potion of ambrosia {unknown}
Books
 b - a book of Callings

   Spells                             Type                      Level
   a - Summon Small Mammal            Summoning                    1
   b - Call Imp                       Summoning                    2
   c - Call Canine Familiar           Summoning                    3
   d - Summon Guardian Golem          Hexes/Summoning              3
   e - Summon Lightning Spire         Summoning/Air                4
   f - Summon Ice Beast               Ice/Summoning                4
Comestibles
 c - 9 bread rations
 g - 6 meat rations
 v - 11 fruits
 S - a chunk of flesh


   Skills:
 + Level 7.6 Fighting
 + Level 8.4 Polearms
 - Level 7.0 Throwing
 + Level 7.6 Armour
 + Level 8.1 Dodging
 - Level 2.6 Stealth
 + Level 8.3 Spellcasting
 + Level 4.2 Hexes
 + Level 8.9 Summonings
 + Level 4.1 Translocations
 + Level 7.0 Ice Magic
 + Level 7.3 Evocations


You had 11 spell levels left.
You knew the following spells:

 Your Spells              Type           Power        Failure   Level  Hunger
a - Summon Small Mammal   Summ           ####         1%          1    None
b - Call Imp              Summ           #####...     1%          2    None
c - Call Canine Familiar  Summ           #####...     4%          3    #......
d - Summon Ice Beast      Ice/Summ       ####....     21%         4    ###....
e - Portal Projectile     Hex/Tloc       ###...       30%         3    #......
f - Slow                  Hex            ###.....     14%         2    None


Dungeon Overview and Level Annotations

Branches:
Dungeon (10/15)            Temple (1/1) D:5            Lair (0/6) D:10
    Orc: D:9-12

Altars:
Ashenzari
Cheibriados
Dithmenos
Elyvilon
Fedhas
Gozag
Hepliaklqana
Kikubaaqudgha
Makhleb
Nemelex Xobeh
Okawaru
Qazlal
Ru
Sif Muna
Trog
Uskayaw
Vehumet
Wu Jian
Xom
Yredelemnul
Zin
The Shining One

Shops:
D:8 [(

Annotations:
D:10 Snorg


Innate Abilities, Weirdness & Mutations

You have a short attention span.
You have very sharp teeth.
Your uncanny sense of smell can sniff out nearby items.


Message History

Your ice beast closely misses Snorg.
Your crimson imp blinks!
You closely miss Snorg.
Snorg is severely wounded.
Snorg bites you.
* * * LOW HITPOINT WARNING * * *
Snorg closely misses you. Snorg misses you.
You puncture Snorg!
Snorg is severely wounded.
Snorg bites you!
* * * LOW HITPOINT WARNING * * *
Snorg claws you!
* * * LOW HITPOINT WARNING * * *
Snorg closely misses you.
Your ice beast hits Snorg.
Your ice beast freezes Snorg!
Your ice beast hits Snorg.
Your ice beast freezes Snorg!
Snorg bites you but does no damage. Snorg claws you!
* * * LOW HITPOINT WARNING * * *
Snorg claws you!
You die...

######..# #..#
# #..# #..# #
#..# #..#
#..####.# #..#
#..."..# #..#
#>#####.# #.§#
#.#### #Y.#
#....# #T[#
####.# ∆ #@5#
####.##.###(.#
#............#
#.#########.##
#.# #######.#
#.# #......(#
#.# #.#######
#.# #.# # #.#
#.#


You could see Snorg (berserk), a friendly ice beast and a friendly crimson imp.

Vanquished Creatures
  Erolcha (D:9)
  3 two-headed ogres
  The ghost of edsrzf the Reanimator, a novice GnNe of Gozag (D:6)
  3 hippogriffs
  A wyvern (D:8)
  3 yaks (D:9)
  2 orc warriors
  A sky beast (D:9)
  An ice beast (D:10)
  A black bear (D:8)
  2 phantoms (D:8)
  An ogre (D:6)
  4 centaurs
  2 big kobolds (D:9)
  10 bullfrogs
  A gnoll sergeant (D:9)
  A water moccasin zombie (Ossuary)
  3 howler monkeys
  A crimson imp (D:7)
  7 bullfrog zombies
  2 centaur zombies (Ossuary)
  3 orc priests
  3 hounds
  2 jellies
  2 iguanas
  An orc wizard (D:9)
  3 worker ants
  4 hound skeletons
  7 mummies (Ossuary)
  2 howler monkey zombies
  A worker ant zombie (D:10)
  5 gnolls
  2 adders
  3 shadow imps
  2 adder zombies (Ossuary)
  4 leopard geckos
  15 orcs
  2 bats (D:3)
  2 giant cockroaches
  4 goblins
  3 hobgoblins
  8 jackals
  4 quokkas
  3 ball pythons
  A ball python zombie (D:6)
  4 frilled lizards
  5 kobolds
  A leopard gecko zombie (D:5)
  A quokka zombie (Ossuary)
  7 rats
155 creatures vanquished.

Vanquished Creatures (collateral kills)
  Gastronok (D:10)
  A two-headed ogre (D:8)
  A kobold demonologist (D:9)
  2 yaks (D:9)
  A hungry ghost (D:7)
  2 ice beasts (D:8)
  2 big kobolds (D:9)
  A gnoll sergeant (D:6)
  A scorpion (D:8)
  A howler monkey (D:4)
  A crimson imp (D:5)
  A jelly (D:6)
  A bullfrog zombie (Ossuary)
  An orc priest (D:4)
  3 hounds
  An orc wizard (D:4)
  An iguana (D:4)
  A worker ant (D:4)
  A hound zombie (Ossuary)
  9 mummies (Ossuary)
  2 worker ant zombies
  10 gnolls
  6 adders
  An adder zombie (Ossuary)
  An adder skeleton (D:4)
  A worm (D:2)
  A dart slug (D:2)
  9 orcs
  3 giant cockroaches
  A goblin (D:1)
  4 hobgoblins
  9 jackals
  4 kobolds (D:9)
  2 quokkas
  5 bats
  A jackal zombie (D:6)
  A leopard gecko zombie (Ossuary)
  2 rats (D:2)
96 creatures vanquished.

Vanquished Creatures (others)
  A withered plant (Ossuary)
1 creature vanquished.

Grand Total: 252 creatures vanquished

Notes
Turn   | Place    | Note
-------+----------+-------------------------------------------
     0 | D:1      | AlphabetPasta the Gnoll Summoner began the quest for the Orb.
     0 | D:1      | Reached XP level 1. HP: 13/13 MP: 4/4
   434 | D:1      | Reached skill level 1 in Fighting
   604 | D:1      | Reached XP level 2. HP: 19/21 MP: 6/6
   859 | D:2      | Reached skill level 1 in Polearms
   987 | D:2      | Reached XP level 3. HP: 23/27 MP: 8/8
   991 | D:2      | Learned a level 2 spell: Call Imp
   995 | D:2      | Learned a level 3 spell: Call Canine Familiar
  1483 | D:3      | Reached XP level 4. HP: 33/34 MP: 10/10
  2395 | D:2      | Reached XP level 5. HP: 39/39 MP: 11/11
  3116 | D:4      | Reached skill level 1 in Armour
  3569 | D:4      | Reached skill level 1 in Evocations
  3902 | D:4      | Reached XP level 6. HP: 46/46 MP: 13/13
  4101 | D:5      | Entered Level 5 of the Dungeon
  4453 | D:5      | Found a staircase to the Ecumenical Temple.
  4459 | Temple   | Entered the Ecumenical Temple
  4539 | Temple   | Became a worshipper of Ashenzari the Shackled
  4955 | D:6      | Found a sand-covered staircase.
  4960 | Ossuary  | Entered an ossuary
  4984 | Ossuary  | Reached skill level 5 in Spellcasting
  5018 | Ossuary  | Reached skill level 1 in Throwing
  5034 | Ossuary  | Reached XP level 7. HP: 37/52 MP: 15/15
  5203 | Ossuary  | Reached skill level 5 in Polearms
  5498 | Ossuary  | Reached XP level 8. HP: 56/60 MP: 17/17
  5513 | Ossuary  | Reached skill level 5 in Dodging
  5597 | Ossuary  | Learned a level 4 spell: Summon Ice Beast
  5716 | D:6      | Noticed edsrzf's ghost (novice GnNe)
  5776 | D:6      | Reached skill level 1 in Ice Magic
  6253 | D:6      | Killed edsrzf's ghost
  6553 | D:6      | Found a hazy altar of Hepliaklqana.
  6676 | D:6      | Reached skill level 5 in Fighting
  6999 | D:6      | Reached XP level 9. HP: 64/68 MP: 19/19
  7034 | D:7      | Reached skill level 5 in Armour
  7134 | D:8      | Found Heroqut's Armour Shoppe.
  7389 | D:8      | Reached skill level 5 in Evocations
  7493 | D:8      | Reached skill level 5 in Throwing
  7915 | D:8      | Noticed a two-headed ogre
  8330 | D:8      | Noticed a two-headed ogre
  8363 | D:8      | Killed a two-headed ogre
  8363 | D:8      | Reached skill level 5 in Ice Magic
  8363 | D:8      | Reached XP level 10. HP: 17/77 MP: 3/21
  8674 | D:8      | Found Nomnorank's Weapon Emporium.
  9156 | D:8      | Found an ornate altar of the Wu Jian Council.
  9156 | D:8      | Found a radiant altar of Vehumet.
  9171 | D:8      | Found a blossoming altar of Fedhas.
  9173 | D:8      | Found a faded altar of an unknown god.
  9174 | D:8      | Found an ancient bone altar of Kikubaaqudgha.
  9270 | D:9      | Learned a level 3 spell: Portal Projectile
  9273 | D:9      | Learned a level 2 spell: Slow
  9438 | D:9      | Learned a level 2 spell: Call Imp
  9466 | D:9      | Reached skill level 1 in Translocations
  9478 | D:9      | Reached skill level 1 in Hexes
  9946 | D:9      | Reached * piety under Ashenzari
  9954 | D:9      | Noticed a kobold demonologist
  9975 | D:9      | Killed a kobold demonologist
 10011 | D:9      | Found a glowing golden altar of the Shining One.
 10156 | D:9      | Noticed Erolcha
 10318 | D:9      | Killed Erolcha
 10660 | D:8      | Killed a two-headed ogre
 10771 | D:9      | Reached XP level 11. HP: 53/84 MP: 22/23
 10913 | D:10     | Entered Level 10 of the Dungeon
 10929 | D:10     | Noticed a two-headed ogre
 10954 | D:10     | Killed a two-headed ogre
 11208 | D:10     | Noticed Gastronok
 11223 | D:10     | Killed Gastronok
 11289 | D:10     | Found a staircase to the Lair.
 11320 | D:10     | Noticed a two-headed ogre
 11331 | D:10     | Killed a two-headed ogre
 11658 | D:10     | Noticed Snorg
 11675 | D:10     | HP: 2/85 [Snorg (9)]
 11675 | D:10     | Mangled by Snorg

Vault maps used:
D:1:      dpeg_arrival_simpleton_c
D:4:      cheibrodos_helix_gallery, first_bread
D:5:      temple_green
D:6:      kennysheep_mini, enter_ossuary_2, kennysheep_small_spiral,
          feat_on_display
D:8:      kennysheep_ambush_hall, chequers_temple_overflow_minitemple,
          serial_shops, shop_statue, shop
D:9:      kennysheep_mini_moat, uniq_erolcha
D:10:     lair_entry_dummy, uniq_gastronok, uniq_snorg
Temple:   nicolae_temple_elliptical
Ossuary:  ossuary_zaba_flooded

Skill      XL: |  1  2  3  4  5  6  7  8  9 10 11 |
---------------+----------------------------------+-----
Fighting       | 1 2 3 4 5 6 7 |  7.6
Summonings     | 6 7 8 |  8.9
Polearms       | 1 2 3 4 5 6 7 8 |  8.4
Spellcasting   | 4 5 6 7 8 |  8.3
Armour         | 2 3 4 6 7 |  7.6
Evocations     | 1 2 3 4 6 7 |  7.3
Dodging        | 4 6 7 8 |  8.1
Throwing       | 1 2 4 6 7 |  7.0
Ice Magic      | 3 5 6 7 |  7.0
Translocations | 3 4 |  4.1
Hexes          | 3 4 |  4.2
Stealth        | |  2.6

Action                   |  1- 3 |  4- 6 |  7- 9 | 10-12 || total
-------------------------+-------+-------+-------+-------++-------
Melee: Club              |    22 |       |       |       ||    22
       Unarmed           |    16 |       |       |       ||    16
       Short sword       |    97 |   253 |       |       ||   350
       Bite              |    11 |    31 |    45 |    39 ||   126
       Trident           |       |    49 |   484 |   434 ||   967
Throw: Tomahawk          |       |       |     7 |     8 ||    15
 Cast: Summon Small Mamm |    18 |       |       |       ||    18
       Call Canine Famil |     6 |    15 |    17 |    20 ||    58
       Call Imp          |     2 |    18 |    24 |    18 ||    62
       Summon Ice Beast  |       |       |     1 |     6 ||     7
Evoke: Wand              |       |       |     5 |     6 ||    11
  Use: Scroll            |     5 |     9 |     6 |     4 ||    24
       Potion            |       |       |     3 |       ||     3
 Stab: Sleeping          |     3 |     5 |     3 |     1 ||    12
       Distracted        |     1 |     1 |    12 |     7 ||    21
  Eat: Chunk             |     2 |    11 |     8 |     9 ||    30
       Royal jelly       |       |     2 |     1 |     1 ||     4
       Fruit             |       |       |     2 |     2 ||     4
Armor: Robe              |    28 |    22 |       |       ||    50
       Leather armour    |       |    59 |    56 |       ||   115
       Scale mail        |       |       |    46 |   135 ||   181
       Fire dragon scale |       |       |    43 |       ||    43
Dodge: Dodged            |   104 |   246 |   304 |   192 ||   846
